 Dungeon Crawl Stone Soup version 0.17-a0-1997-ga88ed7d (webtiles) character file.

3683 Ordine the Fighter (level 10, 0/77 HPs)
             Began as an Octopode Fighter on Oct 8, 2015.
             Was a Believer of Dithmenos.
             Slain by a centaur (8 damage)
             ... on level 7 of the Dungeon.
             The game lasted 00:19:36 (6837 turns).

Ordine the Fighter (Octopode Fighter)               Turns: 6837, Time: 00:19:36

Health: 0/77       AC:  4    Str: 15    XL:     10   Next: 13%
Magic:  29/29      EV: 10    Int: 12    God:    Dithmenos [**....]
Gold:   319        SH: 10    Dex: 12    Spells: 0 memorised, 9 levels left

rFire  . . .     SeeInvis .     a - +1 long sword
rCold  . . .     Rnd*Rage +     n - +2 shield {AC+3}
rNeg   . . .     SustAt   .     (helmet restricted)
rPois  +         Gourm    .     (no amulet)
rElec  .         Spirit   .     m - ring of loudness (curse)
rCorr  .         Warding  .     q - ring of magical power
rMut   .         Rnd*Tele +     s - ring of magical power
MR     .....                    D - -5 ring of slaying (curse)
Stlth  +.........               (no ring)
                                (no ring)
                                (no ring)
                                (no ring)

@: wreathed by umbra, not resistant to hostile enchantments, very unstealthy
A: almost no armour, amphibious, 8 rings, constrict 8, camouflage 1, berserk 1,
clumsy 1, high mp 1, poison resistance, teleportitis 1, gelatinous body 1
a: Shadow Step, Renounce Religion


You were on level 7 of the Dungeon.
You worshipped Dithmenos.
Dithmenos was pleased with you.
You were near starving.

You visited 2 branches of the dungeon, and saw 8 of its levels.

You collected 319 gold pieces.

Inventory:

Hand Weapons
 a - a +1 long sword (weapon)
Missiles
 e - 255 stones (quivered)
 l - 28 poisoned needles
 x - 2 tomahawks
Armour
 n - a +2 shield of protection (worn)
Jewellery
 m - a cursed ring of loudness (left tentacle)
 q - a ring of magical power (right tentacle)
 s - a ring of magical power (on tentacle)
 D - a cursed -5 ring of slaying (on tentacle)
Wands
 z - a wand of digging (15)
Scrolls
 i - 2 scrolls of fog
 o - a scroll of enchant armour
 r - a scroll of recharging
 v - a scroll of enchant weapon
 C - a scroll of teleportation
Potions
 b - a potion of heal wounds {unknown}
 c - a potion of flight {unknown}
 f - a potion of poison {unknown}
 h - 2 potions of magic
 j - a potion of ambrosia {unknown}
 k - a potion of agility {unknown}
 t - 2 potions of curing
 u - a potion of resistance {unknown}
 w - a potion of brilliance {unknown}
Books
 y - a Young Poisoner's Handbook

   Spells                             Type                      Level
   a - Sting                          Conjuration/Poison           1
   b - Cure Poison                    Poison                       2
   c - Mephitic Cloud                 Conjuration/Poison/Air       3
   d - Olgreb's Toxic Radiance        Poison                       4
   e - Venom Bolt                     Conjuration/Poison           5
Comestibles
 d - 8 bread rations
 g - 6 fruits
 p - a meat ration
 A - 2 beef jerkies
 B - 2 slices of pizza


   Skills:
 + Level 10.7 Fighting
 + Level 10.0 Long Blades
 - Level 3.0 Dodging
 - Level 3.0 Shields


You had 9 spell levels left.
You didn't know any spells.

Dungeon Overview and Level Annotations

Branches:
Dungeon (7/15)             Temple (1/1) D:6

Altars:
Ashenzari
Cheibriados
Dithmenos
Elyvilon
Fedhas
Gozag
Kikubaaqudgha
Makhleb
Nemelex Xobeh
Okawaru
Qazlal
Ru
Sif Muna
Trog
Vehumet
Yredelemnul
Zin
The Shining One


Innate Abilities, Weirdness & Mutations

You cannot wear most types of armour.
You are amphibious.
You can wear up to eight rings at the same time.
You can use your tentacles to constrict eight enemies at once.
Your skin changes colour to match your surroundings (Stealth).
Your rubbery body absorbs attacks (AC +1).
You tend to lose your temper in combat.
You are clumsy. (Dex -2)
You have an increased reservoir of magic (+10% MP).
Your system is resistant to poisons.
You are occasionally teleported to nearby monsters.


Message History

The centaur hits you but does no damage.
You barely miss the centaur.
The centaur is heavily wounded.
The centaur completely misses you.
You hit the centaur but do no damage.
The centaur is heavily wounded.
You block the centaur's attack.
The centaur hits you but does no damage.
You hit the centaur but do no damage.
The centaur is heavily wounded.
You block the centaur's attack.
You barely miss the centaur.
The centaur is heavily wounded.
The centaur hits you!
* * * LOW HITPOINT WARNING * * *
The centaur closely misses you.
You hit the centaur but do no damage. You squeeze the centaur.
The centaur is severely wounded.
The centaur hits you!
You die...

#.#.. .#..
...#### #.....#
#.#.#.## ...#..
.
#.#####.c####..#
.......<@......#
...#####(.###.##
#.(........
#.##.###.## #.
..# #. #$# #. ..
#. #.# #. ..


You could see a centaur.

Vanquished Creatures
  Pikel (D:6)
  The ghost of Ordine the Skirmisher, a novice OpFi (D:5)
  Grinder (D:4)
  Sigmund (D:4)
  A hippogriff (D:7)
  Menkaure (D:6)
  A water moccasin (D:5)
  A sky beast (D:5)
  An orc warrior (D:6)
  2 ogres
  A slave (D:6)
  3 centaurs
  2 ice beasts
  3 giant frogs (D:6)
  4 scorpions
  A giant frog skeleton (D:4)
  3 crimson imps
  A giant frog zombie (D:3)
  3 jellies
  3 orc priests
  4 orc wizards
  A hound (D:7)
  6 worker ants
  Natasha (thrice) (D:4)
  An iguana (D:6)
  A hound zombie (D:5)
  6 adders
  7 gnolls (D:6)
  A shadow imp (D:5)
  An ooze (D:2)
  An adder skeleton (D:4)
  A worm (D:2)
  2 giant geckos (D:6)
  17 orcs
  A ball python (D:2)
  6 giant cockroaches
  8 hobgoblins
  9 jackals
  9 kobolds
  11 bats
  A giant gecko skeleton (D:6)
  3 giant newts (D:2)
  7 goblins
  A jackal skeleton (D:4)
  2 quokkas
  A quokka skeleton (D:4)
  A quokka zombie (D:6)
  4 rats
151 creatures vanquished.

Notes
Turn   | Place    | Note
--------------------------------------------------------------
     0 | D:1      | Ordine the Octopode Fighter began the quest for the Orb.
     0 | D:1      | Reached XP level 1. HP: 16/16 MP: 1/1
   418 | D:1      | Reached XP level 2. HP: 18/21 MP: 2/2
  1101 | D:1      | Reached XP level 3. HP: 25/27 MP: 3/3
  1477 | D:2      | Found a shadowy altar of Dithmenos.
  1483 | D:2      | Became a worshipper of Dithmenos the Shadowed
  1493 | D:2      | Found a white marble altar of Elyvilon.
  1551 | D:2      | Reached skill level 4 in Fighting
  1553 | D:2      | Found a sparkling altar of Nemelex Xobeh.
  1736 | D:2      | Found a sacrificial altar of Ru.
  2008 | D:2      | Gained mutation: You are occasionally teleported to nearby monsters. [potion of mutation]
  2008 | D:2      | Gained mutation: You have an increased reservoir of magic (+10% MP). [potion of mutation]
  2008 | D:2      | Gained mutation: You tend to lose your temper in combat. [potion of mutation]
  2009 | D:2      | Gained mutation: Your system is resistant to poisons. [potion of mutation]
  2009 | D:2      | Gained mutation: You are clumsy. (Dex -2) [potion of mutation]
  2110 | D:3      | Reached XP level 4. HP: 33/33 MP: 4/4
  2323 | D:3      | Reached XP level 5. HP: 36/38 MP: 5/5
  2361 | D:3      | Found an opulent altar of Gozag.
  2436 | D:3      | Reached skill level 5 in Fighting
  3030 | D:4      | Noticed Sigmund
  3044 | D:4      | Reached XP level 6. HP: 35/45 MP: 6/6
  3136 | D:4      | Killed Sigmund
  3136 | D:4      | Reached skill level 6 in Fighting
  3136 | D:4      | Reached skill level 5 in Long Blades
  3136 | D:4      | Reached XP level 7. HP: 42/52 MP: 7/7
  3298 | D:4      | Noticed Natasha
  3305 | D:4      | Killed Natasha
  3408 | D:4      | Noticed Grinder
  3412 | D:4      | Paralysed by Grinder for 4 turns
  3417 | D:4      | Killed Grinder
  3521 | D:4      | Noticed Natasha
  3525 | D:4      | Killed Natasha
  3554 | D:4      | Noticed Natasha
  3557 | D:4      | Killed Natasha
  3589 | D:4      | Acquired Dithmenos's first power
  3781 | D:4      | Reached skill level 7 in Fighting
  3823 | D:5      | Entered Level 5 of the Dungeon
  3830 | D:5      | Reached XP level 8. HP: 54/60 MP: 8/8
  3839 | D:5      | Found a snail-covered altar of Cheibriados.
  3839 | D:5      | Found a burning altar of Makhleb.
  3878 | D:5      | Noticed Ordine's ghost (novice OpFi)
  3888 | D:5      | Killed Ordine's ghost
  3888 | D:5      | Reached skill level 8 in Fighting
  4341 | D:5      | Reached XP level 9. HP: 28/67 MP: 9/9
  4578 | D:5      | Reached skill level 9 in Fighting
  5335 | D:6      | Noticed Menkaure
  5341 | D:6      | Killed Menkaure
  5785 | D:6      | Reached skill level 10 in Fighting
  6397 | D:6      | Noticed Pikel
  6411 | D:6      | Killed Pikel
  6411 | D:6      | Reached XP level 10. HP: 20/77 MP: 11/11
  6534 | D:6      | Found a staircase to the Ecumenical Temple.
  6575 | Temple   | Entered the Ecumenical Temple
  6826 | D:7      | Reached skill level 10 in Long Blades
  6837 | D:7      | Slain by a centaur

Vault maps used:
D:1:      mrwooster_arrival_statue_2, st_stairs_1, supply_closet_lemuel
D:2:      nicolae_overflow_quartered_altars
D:3:      minmay_splitting_lines, nicolae_gozag_seed_capital
D:4:      first_bread, solitary_fountain, uniq_grinder, uniq_natasha,
          uniq_sigmund
D:5:      grunt_temple_overflow_open
D:6:      minmay_temple_entry_fiery, uniq_menkaure, uniq_pikel
Temple:   bh_familiar_temple

Action                   |  1- 3 |  4- 6 |  7- 9 | 10-12 || total
-------------------------+-------+-------+-------+-------++-------
Melee: Long sword        |    88 |    71 |   249 |    27 ||   435
Throw: Stone             |     1 |       |     8 |       ||     9
  Use: Scroll            |    10 |     5 |     3 |       ||    18
       Potion            |     2 |     2 |     1 |     1 ||     6
 Stab: Sleeping          |     6 |     1 |     4 |       ||    11
  Eat: Chunk             |     4 |     4 |    12 |       ||    20
       Fruit             |       |       |     1 |     1 ||     2
